 Dungeon Crawl Stone Soup version 0.20-a0-893-g832831a (webtiles) character file.

240 kroki the Chopper (level 5, -17/45 HPs)
             Began as a Minotaur Air Elementalist on Mar 16, 2017.
             Killed from afar by a gnoll (19 damage)
             ... with a wand of lightning (?/15)
             ... on level 3 of the Dungeon.
             The game lasted 00:03:47 (4694 turns).

kroki the Chopper (Minotaur Air Elementalist)       Turns: 4694, Time: 00:03:47

Health: -17/45     AC:  6    Str: 13    XL:     5   Next: 79%
Magic:  6/6        EV:  9    Int: 12    God:
Gold:   91         SH:  0    Dex: 11    Spells: 5/6 levels left

rFire    . . .     SeeInvis .   n - +0 hand axe (curse)
rCold    + . .     Gourm    .   q - +0 scale mail
rNeg     . . .     Faith    .   (no shield)
rPois    .         Spirit   .   (helmet restricted)
rElec    .         Reflect  .   (no cloak)
rCorr    .         Harm     .   (no gloves)
MR       .....                  (no boots)
Stlth    ..........             (no amulet)
Regen    0.2/turn               (no ring)
MPRegen  0.1/turn               f - ring of protection from cold {rC+, !d}

@: no status effects
A: retaliatory headbutt, horns 2
a: no special abilities


You were on level 3 of the Dungeon.
You were not hungry.

You visited 1 branch of the dungeon, and saw 3 of its levels.

You collected 91 gold pieces.

Inventory:

Hand Weapons
 d - a +0 club
   (You took it off a hobgoblin on level 1 of the Dungeon)
 n - a cursed +0 hand axe (weapon)
   (You found it on level 1 of the Dungeon)
Armour
 o - a +0 pair of gloves
   (You found it on level 3 of the Dungeon)
 q - a +0 scale mail (worn)
   (You found it on level 2 of the Dungeon)
Jewellery
 f - a ring of protection from cold (left hand) {rC+, !d}
   (You took it off a hobgoblin on level 1 of the Dungeon)
 l - a +2 amulet of reflection {unknown}
   (You took it off a gnoll on level 3 of the Dungeon)
Scrolls
 e - a scroll of noise {!r}
 h - 2 scrolls of magic mapping {!r}
 i - 2 scrolls of remove curse {unknown}
 j - a scroll of enchant armour
 s - 2 scrolls of blinking {unknown}
Books
 b - a book of Air
Comestibles
 a - a fruit
 c - 3 bread rations {@e1}
 g - 3 meat rations {@e2}
 k - 3 royal jellies
 m - 3 chunks of flesh {@w0}


   Skills:
 - Level 3.6 Fighting
 + Level 5.6 Axes
 - Level 2.1 Dodging
 - Level 1.5 Stealth
 - Level 1.3 Spellcasting
 - Level 0.6 Conjurations
 - Level 2.1 Air Magic


You had 5 spell levels left.
You knew the following spells:

 Your Spells              Type           Power        Failure   Level  Hunger
a - Shock                 Conj/Air       #...         85%         1    ##.....


Dungeon Overview and Level Annotations

Branches:
Dungeon (3/15)

Altars:
Qazlal

Annotations:
D:2 Sigmund


Innate Abilities, Weirdness & Mutations

You reflexively headbutt those who attack you in melee.
You have a pair of horns on your head.


Message History

Natasha screams in fury as she dies!
The crimson imp disappears in a puff of smoke!
Unknown command.
All of the chunks of flesh in your inventory have rotted away.
There is a stone staircase leading down here.
Unknown command.
You start resting.
You are feeling hungry.
You start resting.
You start waiting.
Unknown command.
Unknown command.
A gnoll is nearby!
The gnoll shouts!
Unknown command.
A gnoll is nearby!
A gnoll is nearby!
Unknown command.
A gnoll is nearby!
A gnoll is nearby!
The gnoll hits you from afar with a spear.
The gnoll hits you but does no damage.
A gnoll is nearby!
You hit the gnoll. Your headbutt misses the gnoll.
The gnoll closely misses you.
You hit the gnoll. The gnoll hits you with a spear.
You hit the gnoll. You headbutt the gnoll.
You kill the gnoll!
l - a glowing steel amulet
s - 2 scrolls labeled ULUASS JUSHA (gained 1)
Things that are here:
a spear; a gnoll corpse Unknown command.
You are feeling very hungry.
You butcher the gnoll corpse.
m - 4 chunks of flesh {@w0} You see here a spear. x2
Eating one of 4 chunks of flesh {@w0}.
You eat one of the 4 chunks of flesh {@w0}.
h - 2 scrolls of magic mapping {!r} (gained 1)
k - 3 royal jellies (gained 1)
o - a pair of gloves A gnoll comes into view.
It is wielding a spear.
The gnoll shouts!
A gnoll is nearby!
A gnoll is nearby!
A gnoll comes into view. It is wielding a whip.
There are monsters nearby!
There are monsters nearby!
There are monsters nearby!
The gnoll barely misses you.
There are monsters nearby!
The gnoll hits you from afar with a spear.
There are monsters nearby!
The gnoll hits you but does no damage.
There are monsters nearby!
The gnoll hits you from afar with a spear.
There are monsters nearby!
You are too injured to fight recklessly!
There are monsters nearby!
You are too injured to fight recklessly!
The gnoll hits you but does no damage.
You hit the gnoll. The gnoll barely misses you. You furiously retaliate!
You headbutt the gnoll, but do no damage.
Unknown command.
You barely miss the gnoll. The gnoll barely misses you.
There are monsters nearby!
You are too injured to fight recklessly!
You hit the gnoll but do no damage. The gnoll hits you but does no damage.
You barely miss the gnoll. The gnoll hits you with a spear.
You closely miss the gnoll. The gnoll barely misses you.
You hit the gnoll. The gnoll hits you with a spear!
You barely miss the gnoll. The gnoll hits you with a spear!
You hit the gnoll. The gnoll misses you.
You barely miss the gnoll. The gnoll hits you with a spear.
You hit the gnoll but do no damage.
You headbutt the gnoll, but do no damage.
The gnoll hits you but does no damage.
You hit the gnoll. The gnoll barely misses you. You furiously retaliate!
You headbutt the gnoll. You hit the gnoll but do no damage.
The gnoll hits you with a spear.
* * * LOW HITPOINT WARNING * * *
You hit the gnoll but do no damage. The gnoll hits you with a spear.
* * * LOW HITPOINT WARNING * * *
You barely miss the gnoll. The gnoll hits you with a spear.
* * * LOW HITPOINT WARNING * * *
You hit the gnoll but do no damage. The gnoll hits you with a spear.
* * * LOW HITPOINT WARNING * * *
You hit the gnoll.
You kill the gnoll!
You aren't carrying any potions.
The gnoll zaps a wand.
The bolt of lightning misses you.
It is a wand of lightning (?/15).
Okay, then.
As you read the scroll labeled QUPUARI MEUFRI, it crumbles to dust.
It is a scroll of enchant weapon.
Your cursed -1 hand axe glows red for a moment.
The gnoll zaps a wand.
The bolt of lightning hits you!
You die...

#.##.......#
#..........#
####.......#
#.######..#
#.........#
#.#######.#
#.# #.# #@#
### #.# #<#
#g# #)# #g#
#g# #.#


lg. #'# ##.#< ... ..... ... #.. .. ... You could see 2 gnolls.

Vanquished Creatures
  Natasha (twice) (D:3)
  Ijyb (D:2)
  Robin (D:1)
  2 gnolls (D:3)
  An adder (D:2)
  2 oozes
  An adder skeleton (D:3)
  2 worms
  3 dart slugs
  3 leopard geckos
  3 orcs (D:3)
  2 ball pythons (D:1)
  4 bats
  5 giant cockroaches (D:1)
  24 goblins
  9 hobgoblins
  5 jackals
  7 kobolds
  A quokka (D:2)
  4 frilled lizards
  11 rats
93 creatures vanquished.

Notes
Turn   | Place    | Note
-------+----------+-------------------------------------------
     0 | D:1      | kroki the Minotaur Air Elementalist began the quest for the Orb.
     0 | D:1      | Reached XP level 1. HP: 14/14 MP: 1/1
    70 | D:1      | Reached skill level 1 in Fighting
   283 | D:1      | Reached skill level 2 in Fighting
   283 | D:1      | Reached XP level 2. HP: 14/24 MP: 3/3
  1089 | D:1      | Reached skill level 3 in Fighting
  1400 | D:1      | Reached XP level 3. HP: 30/31 MP: 4/4
  1744 | D:2      | Reached skill level 1 in Axes
  2082 | D:2      | Reached skill level 2 in Axes
  2328 | D:2      | Noticed Robin
  2329 | D:2      | Noticed Sigmund
  2334 | D:1      | Reached XP level 4. HP: 16/39 MP: 5/5
  2334 | D:1      | HP: 4/39 [hobgoblin/club (10)]
  2335 | D:1      | Killed Robin
  2820 | D:2      | Reached skill level 3 in Axes
  3135 | D:2      | Noticed Ijyb
  3357 | D:2      | Killed Ijyb
  3357 | D:2      | Reached skill level 4 in Axes
  3357 | D:2      | Reached XP level 5. HP: 37/45 MP: 6/6
  3514 | D:3      | HP: 11/45 [gnoll/spear (3)]
  3882 | D:3      | Found a stormy altar of Qazlal.
  3885 | D:3      | Noticed an air elemental
  3887 | D:3      | Noticed a water elemental
  3887 | D:3      | Noticed a fire elemental
  4218 | D:3      | Noticed Natasha
  4233 | D:3      | Killed Natasha
  4233 | D:3      | Reached skill level 5 in Axes
  4238 | D:3      | Noticed Natasha
  4251 | D:3      | HP: 11/45 [Natasha (1)]
  4252 | D:3      | HP: 3/45 [Natasha/magic dart (8)]
  4254 | D:3      | Killed Natasha
  4687 | D:3      | HP: 11/45 [gnoll/spear (6)]
  4689 | D:3      | HP: 4/45 [gnoll/spear (5)]
  4690 | D:3      | HP: 1/45 [gnoll/spear (3)]
  4694 | D:3      | Killed from afar by a gnoll

Vault maps used:
D:1:      scummos_arrival_simple_crosswalls, minmay_misc_feat_square,
          dk_noncrumbling_4, st_stairs_12, minmay_misc_feat_tiny
D:2:      kennysheep_the_goblin_king, minivault_23, uniq_sigmund, uniq_robin
D:3:      nicolae_qazlal_style_of_elements, uniq_natasha

Skill      XL: |  1  2  3  4  5 |
---------------+----------------+-----
Fighting       | 2 3 |  3.6
Axes           | 2 4 5 |  5.6
Dodging        | |  2.1
Stealth        | |  1.5
Spellcasting   | |  1.3
Conjurations   | |  0.6
Air Magic      | |  2.1

Action                   |  1- 3 |  4- 6 || total
-------------------------+-------+-------++-------
Melee: Club              |    81 |       ||    81
       Unarmed           |     5 |       ||     5
       Headbutt          |    16 |    25 ||    41
       Hand axe          |    34 |   180 ||   214
  Use: Potion            |     3 |       ||     3
       Scroll            |     1 |     7 ||     8
 Stab: Sleeping          |     2 |       ||     2
  Eat: Chunk             |     5 |     7 ||    12
Armor: Robe              |    18 |       ||    18
       Scale mail        |       |    61 ||    61
       Ring mail         |       |    16 ||    16
Dodge: Dodged            |    85 |    93 ||   178

Vault maps used:
D:1:      scummos_arrival_simple_crosswalls, minmay_misc_feat_square,
          dk_noncrumbling_4, st_stairs_12, minmay_misc_feat_tiny
D:2:      kennysheep_the_goblin_king, minivault_23, uniq_sigmund, uniq_robin
D:3:      nicolae_qazlal_style_of_elements, uniq_natasha

Table legend:
 A = Turns spent in this place as a percentage of turns spent in the entire game.
 B = Non-inter-level travel turns spent in this place as a percentage of non-inter-level travel turns spent in the entire game.
 C = Inter-level travel turns spent in this place as a percentage of turns spent in this place.
 D = Turns resting spent in this place as a percentage of non-inter-level travel turns spent in this place.
 E = Turns spent auto-exploring this place as a percentage of non-inter-level travel turns spent in this place.
 F = Non-inter-level travel turns spent in this place divided by the number of levels of this place that you've seen.
                   A       B       C       D       E      F
               +-------+-------+-------+-------+-------+----------------------
         Total | 100.0 | 100.0 |   0.5 |   2.1 |   6.3 | 659.7
       Dungeon | 100.0 | 100.0 |   0.5 |   2.1 |   6.3 | 659.7
               +-------+-------+-------+-------+-------+----------------------

Table legend:
 A = Kills in this place as a percentage of kills in entire the game.
 B = Kills by you in this place as a percentage of kills by you in the entire game.
 C = Kills by friends in this place as a percentage of kills by friends in the entire game.
 D = Other kills in this place as a percentage of other kills in the entire game.
 E = Experience gained in this place as a percentage of experience gained in the entire game.
 F = Experience gained in this place divided by the number of levels of this place that you have seen.
                   A       B       C       D       E      F
               +-------+-------+-------+-------+-------+----------------------
         Total | 100.0 | 100.0 |  -nan |  -nan | 100.0 | 114.3
       Dungeon | 100.0 | 100.0 |  -nan |  -nan | 100.0 | 114.3
               +-------+-------+-------+-------+-------+----------------------
